 Dungeon Crawl Stone Soup version 0.14-a0-2723-gdc5d926 (webtiles) character file.

196 Neoxx the Cudgeler (level 4, -4/33 HPs)
             Began as a Demonspawn Gladiator on Feb 19, 2014.
             Was an Initiate of Makhleb.
             Slain by a gnoll
             ... wielding a +0,+0 long sword
              (9 damage)
             ... on Level 2 of the Dungeon.
             The game lasted 00:07:47 (2254 turns).

Neoxx the Cudgeler (Demonspawn Gladiator)           Turns: 2254, Time: 00:07:47

HP  -4/33        AC  6     Str 15      XL: 4   Next: 83%
MP   4/4         EV 11     Int  9      God: Makhleb [......]
Gold 70          SH  8     Dex 15      Spells:  0 memorised,  3 levels left

rFire  . . .     SeeInvis .     a - +1,+2 whip (elec)
rCold  . . .     Clarity  .     o - +0 leather armour (curse)
rNeg   . . .     Conserve .     h - +0 buckler
rPois  .         rCorr    .     c - +0 helmet
rElec  .         rRot     .     v - +0 cloak
SustAb . .       Spirit   .     (no gloves)
rMut   .         Warding  .     e - +0 pair of dwarf boots
Saprov . . .     Stasis   .     (no amulet)
MR     .....                    (no ring)
                                (no ring)

@: not resistant to hostile enchantments, unstealthy
A: powered by pain 3
a: Renounce Religion


You were on level 2 of the Dungeon.
You worshipped Makhleb.
Makhleb was noncommittal.
You were hungry.

You visited 1 branch of the dungeon, and saw 3 of its levels.

You collected 70 gold pieces.

Inventory:

Hand weapons
 a - a +1,+2 whip of electrocution (weapon)
 j - a +0,+1 vampiric whip
 w - a +0,+1 sling of evasion
Missiles
 d - 3 throwing nets (quivered)
 x - 24 stones
Armour
 c - a +0 helmet (worn)
 e - a +0 pair of dwarven boots (worn)
 h - a +0 buckler (worn)
 o - a cursed +0 leather armour (worn)
 v - a +0 cloak (worn)
 z - a +0 orcish chain mail
Comestibles
 f - 4 bread rations
 A - a rotting chunk of felid flesh
 B - a choko
Scrolls
 g - a scroll of enchant weapon I
 i - 3 scrolls of remove curse {unknown}
 k - 2 scrolls of enchant weapon II {unknown}
 l - 3 scrolls of identify {unknown}
 m - 2 scrolls of teleportation {unknown}
 n - a scroll of immolation {unknown}
 q - a scroll of curse jewellery {unknown}
 s - a scroll of curse weapon {unknown}
 u - 3 scrolls of fear {unknown}
 y - a scroll of curse armour {unknown}
Potions
 b - a potion of confusion {unknown}
 r - 2 potions of heal wounds {unknown}
 t - 2 potions of porridge


   Skills:
 - Level 2.0 Fighting
 + Level 4.9 Maces & Flails
 - Level 1.7 Throwing
 - Level 2.6 Dodging
 - Level 1.0 Shields


You had 3 spell levels left.
You didn't know any spells.

Dungeon Overview and Level Annotations

Branches:
Dungeon (3/16)

Altars:
Makhleb


Innate Abilities, Weirdness & Mutations

You are powered by pain.


Message History

The floor.
Unknown command.
There is a stone staircase leading up here.
The gnoll hits you but does no damage.
You climb upwards.
There is a stone staircase leading down here.
Drink which item? (? for menu, Esc to quit)
You feel better.
It was a potion of curing.
The gnoll hits you with a long sword.
You hit the gnoll.
The gnoll is lightly wounded.
You hit the gnoll.
The gnoll is moderately wounded.
The gnoll hits you with a long sword!
* * * LOW HITPOINT WARNING * * *
A rat comes into view.
There is a large open door here.
There is an open door here.
The gnoll hits you with a long sword!
You die...

...%...................#
#######.#.####.#.......#
# #.#........#.##.## #
#.#...........#.# #
#.#..###......#.# #
#.............#.# #
#)..'..###....#.#
#######..#'#........#.#
...).%..##.##..#@...#.#
#####..##.⌠.##..g..<#.#
# ##.##.....##.r#.##.# #
#.##...'..r##......# #
#.#...#'#...#.#.#### #
#.'⌠.##.##.⌠'.#.#
####.#.##...##.#.#.#
#....###.....###.#.#
#.#..##..#....##.#.#


You could see a gnoll and a rat.

Vanquished Creatures
  Natasha (twice) (D:3)
  Jessica (D:3)
  An adder (D:2)
  A giant mite (D:1)
  A worm (D:2)
  4 orcs (D:3)
  3 giant cockroaches
  4 goblins
  8 hobgoblins
  A quokka (D:2)
  3 bats
  6 giant newts
  4 jackals (D:2)
  10 kobolds
  2 rats (D:2)
51 creatures vanquished.

Notes
Turn   | Place    | Note
--------------------------------------------------------------
     0 | D:1      | Neoxx, the Demonspawn Gladiator, began the quest for the Orb.
     0 | D:1      | Reached XP level 1. HP: 16/16 MP: 1/1
   105 | D:1      | Reached skill level 3 in Maces & Flails
   459 | D:1      | Gained mutation: You sometimes gain a little power by taking damage. [demonic ancestry]
   459 | D:1      | Reached XP level 2. HP: 16/22 MP: 2/2
   979 | D:2      | Gained mutation: You sometimes gain power by taking damage. [demonic ancestry]
   979 | D:2      | Reached XP level 3. HP: 14/27 MP: 3/3
  1217 | D:2      | Reached skill level 4 in Maces & Flails
  1422 | D:2      | Reached skill level 1 in Shields
  1900 | D:3      | Noticed Natasha
  1904 | D:3      | Killed Natasha
  1904 | D:3      | Gained mutation: You are powered by pain. [demonic ancestry]
  1904 | D:3      | Reached XP level 4. HP: 30/33 MP: 4/4
  1917 | D:3      | Found a burning altar of Makhleb.
  1936 | D:3      | Became a worshipper of Makhleb the Destroyer
  2098 | D:3      | Noticed Jessica
  2106 | D:3      | Killed Jessica
  2124 | D:3      | Noticed Natasha
  2142 | D:3      | Killed Natasha
  2254 | D:2      | Slain by a gnoll

Action                   |  1- 3 |  4- 6 || total
-------------------------+-------+-------++-------
Melee: Mace              |    61 |       ||    61
       Whip              |    56 |    28 ||    84
Throw: Throwing net      |     3 |       ||     3
  Use: Scroll            |     1 |       ||     1
       Potion            |       |     1 ||     1
 Stab: Distracted        |     1 |       ||     1
